 Dungeon Crawl Stone Soup version 0.25.1-2-g60ff931df9 (webtiles) character file.

Game seed: 15179533596963253074

54 Curus the Poker (level 3, -1/27 HPs)
             Began as a Demonspawn Gladiator on Oct 30, 2020.
             Slain by an adder (2 damage)
             ... on level 2 of the Dungeon on Oct 31, 2020.
             The game lasted 00:07:38 (1113 turns).

Curus the Poker (Demonspawn Gladiator)              Turns: 1113, Time: 00:07:39

Health: -1/27      AC:  8    Str: 13 (14) XL:     3   Next: 66%
Magic:  0/3        EV: 12    Int:  8 (9)  God:
Gold:   71         SH:  0    Dex: 14 (15) Spells: 2/2 levels left

rFire    . . .     SeeInvis .   a - +0 trident
rCold    . . .     Gourm    .   (no shield)
rNeg     . . .     Faith    .   b - +1 leather armour
rPois    .         Spirit   +   c - +0 helmet
rElec    .         Reflect  .   (no cloak)
rCorr    .         Harm     .   (no gloves)
MR       .....                  h - +0 pair of boots
Stlth    +.........             (no amulet)
HPRegen  0.09/turn              (no ring)
MPRegen  0.08/turn              (no ring)

@: lethally poisoned (-1 -> -8)
A: yellow scales 1, magic shield
a: no special abilities


You were on level 2 of the Dungeon.
You were not hungry.

You visited 1 branch of the dungeon, and saw 2 of its levels.

You collected 71 gold pieces.

Inventory:

Hand Weapons
 a - a +0 trident (weapon)
Missiles
 d - 3 throwing nets (quivered)
Armour
 b - a +1 leather armour (worn)
 c - a +0 helmet (worn)
 h - a +0 pair of boots (worn)
Scrolls
 e - 3 scrolls of identify
Comestibles
 f - a ration
 g - 4 chunks of flesh


   Skills:
 - Level 2.0 Fighting
 + Level 4.2 Polearms
 - Level 1.7 Throwing
 - Level 2.6 Dodging


You had 2 spell levels left.
You didn't know any spells.
Your spell library was empty.

Dungeon Overview and Level Annotations

Branches:
Dungeon (2/15)

Altars:


Innate Abilities, Weirdness & Mutations

You are partially covered in yellow scales. (AC +2)
When hurt, damage is shared between your health and your magic reserves.


Message History

* * * LOW HITPOINT WARNING * * *
You feel sick. The adder closely misses you. The adder barely misses you.
You hit the adder but do no damage.
The adder is severely wounded.
The adder bites you but does no damage.
You miss the adder.
The adder is severely wounded.
* * * LOW HITPOINT WARNING * * *
You feel sick. The adder closely misses you. The adder bites you.
* * * LOW HITPOINT WARNING * * *
Unknown command.
You hit the adder but do no damage.
The adder is severely wounded.
* * * LOW HITPOINT WARNING * * *
You feel sick. The adder bites you.
* * * LOW HITPOINT WARNING * * *
You closely miss the adder.
The adder is severely wounded.
The adder bites you.
You die...

#.###...÷.######
.....#....# #.#.....#.#
#.##.#....# #[###(..###
#...(...# #####...#
#...# #######.### #...#
#.S@.......
#####)).######.####..#.≈
.............(......?#
.................$#.#.
..................#
#####.).#####..#......
#...# #.?.?...## #...#
#.##.##.# #...# #..
....#


You could see an adder.

Vanquished Creatures
  An adder (D:2)
  3 dart slugs (D:1)
  2 leopard geckos (D:1)
  4 bats (D:1)
  5 goblins
  5 hobgoblins (D:1)
  3 kobolds
  A quokka (D:2)
  A ball python (D:1)
  5 frilled lizards
  8 rats (D:1)
38 creatures vanquished.

Notes
Turn   | Place    | Note
-------+----------+-------------------------------------------
     0 | D:1      | Curus the Demonspawn Gladiator began the quest for the Orb.
     0 | D:1      | Reached XP level 1. HP: 16/16 MP: 1/1
    71 | D:1      | Reached skill level 3 in Polearms
   317 | D:1      | Gained mutation: You are partially covered in yellow
                  | scales. (AC +2) [demonic ancestry]
   317 | D:1      | Reached XP level 2. HP: 22/22 MP: 2/2
   512 | D:1      | Gained mutation: When hurt, damage is shared between your
                  | health and your magic reserves. [demonic ancestry]
   512 | D:1      | Reached XP level 3. HP: 27/27 MP: 3/3
   702 | D:1      | Reached skill level 4 in Polearms
  1112 | D:2      | HP: 1/27 [adder (1)]
  1113 | D:2      | Slain by an adder

Illustrated notes

Levels and vault maps discovered:
D:1:      minmay_arrival_wavy_path, layout_loops_ring, hangedman_decor_points,
          kennysheep_pointless_box
D:2:      layout_loops_cross, nicolae_ru_path_of_blood, uniq_jessica

Skill      XL: |  1  2  3 |
---------------+----------+-----
Polearms       | 3 4 |  4.2
Fighting       | |  2.0
Throwing       | |  1.7
Dodging        | |  2.6

Action                   || total
-------------------------++-------
Melee: Trident           ||   133
  Use: Potion            ||     3
       Scroll            ||     6
 Stab: Sleeping          ||     1
  Eat: Chunk             ||     1
Armor: Leather armour    ||    41
Dodge: Dodged            ||    90
